cohdb
Replays
Latest Replays
All Replays
Popular Replays
Top Player Replays
Match Explorer
How It Works
Community
CoH3 Stats
Reddit
Sign in to upload your games and track your stats! →
Sign in with Steam
Match 45104689
Unlisted
Match 45104689
Overview
Messages
Build Orders
End
Construct Infanterie Kompanie
Grenadier Squad
Kettenkrad Recon Vehicle
MG 42 Machine Gun Team
Construct Panzergrenadier Kompanie
Panzergrenadier Squad
251 Medium Carrier
Panzergrenadier Squad
Pak 40 Anti-tank Gun Team
Selects Mechanized Battlegroup
Selects Raid Package
Construct Panzer Kompanie
Selects StuG Assault Group
Sturmpanzer IV Brummbär
Selects UNKNOWN (2160084)
Panzergrenadier Squad
Panther Heavy Tank
MG 42 Machine Gun Team
Side Skirts
Selects Mobile Repair Stations
Panzer Officer Quarters
MG 42 Bunker
Medical Station
Construct Luftwaffe Kompanie
Selects Wespe Self-propelled Artillery
Jäger Squad
Jäger Squad
Jäger Squad
Selects Zeroing Artillery Barrage
Panther Heavy Tank
Support Elements
Zeroing Artillery Barrage
251 Medium Carrier
Scat
BrianZ
BES2
Danh Vo
Gordon Birdman
6block
Svenious Jakobus (GB)
Dumpster Bob
0
0
Comments
sign in to comment!
No comments posted yet!